 Dungeon Crawl Stone Soup version 0.21-a0-37-g7dc85f4 (webtiles) character file.

25 tilp the Firebug (level 3, 11/19 HPs)
             Began as a Gargoyle Fire Elementalist on May 28, 2017.
             Quit the game on level 1 of the Dungeon.
             The game lasted 00:05:37 (756 turns).

tilp the Firebug (Gargoyle Fire Elementalist)        Turns: 756, Time: 00:05:38

Health: 11/19      AC:  5    Str: 12    XL:     3   Next: 4%
Magic:  4/6        EV: 12    Int: 15    God:
Gold:   11         SH:  0    Dex: 10    Spells: 5/6 levels left

rFire    . . .     SeeInvis .   g - +0 club
rCold    . . .     Gourm    .   (no shield)
rNeg     + . .     Faith    .   a - +0 robe
rPois    ∞         Spirit   +   (no helmet)
rElec    +         Reflect  .   n - scarf {Spirit}
rCorr    .         Harm     .   (no gloves)
MR       .....                  (no boots)
Stlth    ++........             (no amulet)
Regen    0.1/turn               (no ring)
MPRegen  0.1/turn               (no ring)

@: very slightly contaminated
A: negative energy resistance 1, electricity resistance, unbreathing,
petrification resistance, rot immunity, AC +3
a: no special abilities


You were on level 1 of the Dungeon.
You were not hungry.

You visited 1 branch of the dungeon, and saw 1 of its levels.

You collected 11 gold pieces.

Inventory:

Hand Weapons
 g - a +0 club (weapon)
Missiles
 e - 108 stones (quivered)
Armour
 a - a +0 robe (worn)
 n - a scarf of spirit shield (worn)
Jewellery
 i - a cursed amulet of inaccuracy {unknown}
Scrolls
 k - a scroll of remove curse {unknown}
Potions
 d - a potion of heal wounds {unknown}
 h - 3 potions of curing {unknown}
 j - a potion of flight {unknown}
 m - 2 potions of brilliance {unknown}
Books
 b - a book of Flames

   Spells                             Type                      Level
   a - Flame Tongue                   Conjuration/Fire             1
   b - Throw Flame                    Conjuration/Fire             2
   c - Conjure Flame                  Conjuration/Fire             3
   d - Inner Flame                    Hexes/Fire                   3
   e - Sticky Flame                   Conjuration/Fire             4
   f - Fireball                       Conjuration/Fire             5
Comestibles
 c - a bread ration
 f - a chunk of flesh
 l - a meat ration


   Skills:
 - Level 1.5 Dodging
 - Level 2.1 Stealth
 * Level 2.3 Spellcasting
 - Level 1.1 Conjurations
 + Level 3.8 Fire Magic


You had 5 spell levels left.
You knew the following spells:

 Your Spells              Type           Power        Failure   Level  Hunger
a - Flame Tongue          Conj/Fire      #....        8%          1    #......


Dungeon Overview and Level Annotations

Branches:
Dungeon (1/15)

Altars:


Innate Abilities, Weirdness & Mutations

You are resistant to torment.
Your stone body is resilient. (AC +3)
You are immune to poison.
You resist negative energy. (rN+)
You are resistant to electric shocks. (rElec)
You can survive without breathing.
You are immune to petrification.
You are immune to rotting.


Message History

The leopard gecko closely misses you.
You barely miss the leopard gecko.
The leopard gecko is almost dead.
The leopard gecko barely misses you.
The leopard gecko bites you but does no damage.
You hit the leopard gecko.
You kill the leopard gecko!
You have reached level 3!
Your experience leads to an increase in your attributes!
Increase (S)trength, (I)ntelligence, or (D)exterity?
You feel stronger.
You see here a leopard gecko corpse.
You butcher the leopard gecko corpse.
f - a chunk of flesh Saving game... please wait.
Welcome back, tilp the Gargoyle Fire Elementalist.
Press ? for a list of commands and other information.
Are you sure you want to abandon this character and quit the game? (Confirm with "yes".)
Okay, then.
Are you sure you want to abandon this character and quit the game? (Confirm with "yes".)

#...........####..........
#..........## ...........
#.........###....#.......#
#.............#..........#
#........###....#.#......#
#.........#..####........#
#.........#.#######.....#.
#.........#[#...##...#...#
#........@...............#
#........................#
#........................#
#.#......).........>......
#.###.....................
#. #.......#...##........
#. #.......###########...
#.......# #... ########..
####


There were no monsters in sight!

Vanquished Creatures
  An ooze (D:1)
  2 leopard geckos (D:1)
  2 bats (D:1)
  A goblin (D:1)
  2 hobgoblins (D:1)
  A ball python (D:1)
  13 rats (D:1)
22 creatures vanquished.

Notes
Turn   | Place    | Note
-------+----------+-------------------------------------------
     0 | D:1      | tilp the Gargoyle Fire Elementalist began the quest for the Orb.
     0 | D:1      | Reached XP level 1. HP: 10/10 MP: 3/3
   229 | D:1      | Reached XP level 2. HP: 10/15 MP: 1/5
   752 | D:1      | Reached XP level 3. HP: 11/19 MP: 3/6
   756 | D:1      | Quit the game

Vault maps used:
D:1:      erik_arrival_orb_chamber, ashenzari_altar_1

Action                   || total
-------------------------++-------
Melee: Unarmed           ||    21
       Club              ||    35
Throw: Stone             ||     2
 Cast: Flame Tongue      ||    22
Armor: Robe              ||    17
Dodge: Dodged            ||    50
